 Dungeon Crawl Stone Soup version 0.28.0-45-g0d030f2227 (webtiles) character file.

Game seed: 12349628863430159361

441 sdsfil the Covered (level 6, -4/56 HPs)
             Began as a Minotaur Fighter on Apr 3, 2022.
             Slain by Duvessa
             ... wielding a +0 rapier
              (5 damage)
             ... on level 5 of the Dungeon.
             The game lasted 00:05:31 (3550 turns).

sdsfil the Covered (Minotaur Fighter)               Turns: 3550, Time: 00:05:31

Health: -4/56      AC:  8    Str: 22    XL:     6   Next: 70%
Magic:  5/5        EV: 10    Int:  5    God:
Gold:   241        SH:  4    Dex: 10    Spells: 5/5 levels left

rFire   . . .      SeeInvis .   a - +0 trident
rCold   . . .      Faith    .   c - +0 buckler
rNeg    . . .      Spirit   .   b - +0 scale mail
rPois   .          Reflect  .   (helmet restricted)
rElec   .          Harm     .   f - +0 cloak
rCorr   .          Rampage  .   (no gloves)
Will    .....                   (no boots)
Stlth   ..........              (no amulet)
HPRegen 0.18/turn               (no ring)
MPRegen 0.09/turn               (no ring)

@: lit by a corona, glowing
A: horns 2, retaliatory headbutt
a: no special abilities


You were on level 5 of the Dungeon.
You visited 1 branch of the dungeon, and saw 5 of its levels.

You collected 241 gold pieces.

Inventory:

Hand Weapons
 a - a +0 trident (weapon)
Armour
 b - a +0 scale mail (worn)
 c - a +0 buckler (worn)
 f - a +0 cloak (worn)
Scrolls
 e - 3 scrolls of amnesia {unknown}
 g - a scroll of magic mapping {unknown}
 i - 5 scrolls of identify {unknown}
 j - a scroll of fog {unknown}
 k - 3 scrolls of teleportation {unknown}
Potions
 d - 2 potions of might
 h - a potion of lignification {unknown}
 l - a potion of magic {unknown}
 m - a potion of invisibility {unknown}


   Skills:
 + Level 5.0 Fighting
 + Level 5.4 Polearms
 + Level 5.5 Armour
 + Level 2.3 Dodging
 + Level 0.4 Stealth
 + Level 4.4 Shields


You had 5 spell levels left.
You didn't know any spells.
Your spell library contained the following spells:

 Spells                   Type           Power      Damage    Failure   Level
 Confusing Touch          Hex            0%         N/A       99%         3
 Yara's Violent Unravell  Hex/Tmut       0%         3d3       100%        5
 Enfeeble                 Hex            0%         N/A       100%        7


Dungeon Overview and Level Annotations

Branches:
Dungeon (5/15)
 Temple: D:4-7

Altars:
Ashenzari
Qazlal
Trog

Annotations:
D:5 Dowan, Duvessa


Innate Abilities, Weirdness & Mutations

You have a pair of horns on your head.
You reflexively headbutt those who attack you in melee.


Message History

There is a stone staircase leading up here.
You climb upwards.
Level annotation: Dowan, Duvessa Duvessa hits you with a +0 rapier!
Duvessa hits you but does no damage. Dowan gestures at you while chanting.
You are outlined in light.
There is a stone staircase leading down here.
Duvessa hits you but does no damage.
You climb downwards.
There is a stone staircase leading up here.
You climb upwards.
Level annotation: Dowan, Duvessa Duvessa hits you with a +0 rapier!
There is a stone staircase leading down here.
Duvessa hits you with a +0 rapier.
You climb downwards.
There is a stone staircase leading up here.
You climb upwards.
Level annotation: Dowan, Duvessa Duvessa hits you with a +0 rapier.
Duvessa misses you. You furiously retaliate!
You headbutt Duvessa.
Dowan hits you with a +1 dagger of electrocution.
You are electrocuted!
* * * LOW HITPOINT WARNING * * *
There is a stone staircase leading down, spattered with blood here.
Unknown command.
Duvessa barely misses you.
Dowan gestures at Duvessa while chanting.
Duvessa seems to speed up.
You climb downwards.
There is a stone staircase leading up here.
You barely miss Duvessa. Your headbutt misses Duvessa.
Duvessa is lightly wounded.
You block Duvessa's attack.
Dowan hits you with a +1 dagger of electrocution.
* * * LOW HITPOINT WARNING * * *
You are electrocuted!
* * * LOW HITPOINT WARNING * * *
Duvessa hits you with a +0 rapier.
You die...

.# .# .. .#
##.## #...#
.
###...##..#
#.e.......#
#..@e......
#.........#
###...##..#
#...# ..
##### #


You could see Duvessa (fast) and Dowan.

Vanquished Creatures
  An ice beast (D:5)
  A phantom (D:4)
  A howler monkey (D:4)
  A hound (D:4)
  An iguana (D:4)
  Crazy Yiuf (D:3)
  5 adders
  2 ufetubi (D:4)
  An adder skeleton (D:4)
  3 dart slugs
  3 orcs
  8 ball pythons
  8 bats
  6 endoplasms
  3 giant cockroaches
  12 goblins
  12 hobgoblins
  4 jackals (D:3)
  5 kobolds
  3 quokkas (D:1)
  4 frilled lizards
  2 rats (D:1)
87 creatures vanquished.

Notes
Turn   | Place    | Note
-------+----------+-------------------------------------------
     0 | D:1      | sdsfil the Minotaur Fighter began the quest for the Orb.
     0 | D:1      | Reached XP level 1. HP: 19/19 MP: 0/0
   211 | D:1      | Reached XP level 2. HP: 24/27 MP: 1/1
  1028 | D:2      | Found a faded altar of an unknown god.
  1033 | D:2      | Reached XP level 3. HP: 33/33 MP: 2/2
  1358 | D:2      | Found a broken altar of Ashenzari.
  1479 | D:2      | Reached skill level 1 in Dodging
  1707 | D:2      | Reached XP level 4. HP: 41/41 MP: 3/3
  2254 | D:3      | Found a runed translucent door.
  2255 | D:3      | Noticed Crazy Yiuf
  2265 | D:3      | Killed Crazy Yiuf
  2266 | D:3      | Reached XP level 5. HP: 23/47 MP: 0/4
  2677 | D:3      | Found a bloodstained altar of Trog.
  2677 | D:3      | Found a stormy altar of Qazlal.
  2938 | D:4      | Reached skill level 5 in Armour
  3039 | D:4      | Noticed a phantom
  3046 | D:4      | Reached XP level 6. HP: 49/53 MP: 5/5
  3060 | D:4      | Reached skill level 5 in Polearms
  3402 | D:4      | Noticed Dowan
  3403 | D:4      | Noticed an ice beast
  3411 | D:4      | Noticed Duvessa
  3445 | D:5      | Entered Level 5 of the Dungeon
  3454 | D:5      | Killed an ice beast
  3455 | D:5      | Reached skill level 5 in Fighting
  3550 | D:5      | HP: 1/56 [Dowan/+1 dagger of electrocution (11)]
  3550 | D:5      | Slain by Duvessa

Illustrated notes

Levels and vault maps discovered:
D:1:      evilmike_arrival_crescent, layout_basic
D:2:      cheibrodos_greedy_goblins, layout_loops_cross,
          nicolae_ecumenical_pavilion, basic_altar
D:3:      layout_loops_ring, gammafunk_temple_overflow_pools,
          minmay_fractal_squares_5, uniq_crazy_yiuf_cottage
D:4:      layout_basic, riverfiend_overflow_shadow_ancestor,
          minmay_temple_entry_statues_fountains, uniq_duvessa
D:5:      kennysheep_slugbush, layout_loops_ring, mainiacjoe_overflow_alcove_1,
          serial_shops, shop_statue

Skill      XL: |  1  2  3  4  5  6 |
---------------+-------------------+-----
Fighting       | 4 5 |  5.0
Armour         | 4 5 |  5.5
Shields        | 4 |  4.4
Polearms       | 3 4 5 |  5.4
Dodging        | 1 2 |  2.3
Stealth        | |  0.4

Action                   |  1- 3 |  4- 6 || total
-------------------------+-------+-------++-------
Melee: Trident           |    80 |   122 ||   202
       Headbutt          |    16 |    14 ||    30
 Stab: Invisible         |       |     1 ||     1
Armor: Scale mail        |    38 |    68 ||   106
Dodge: Dodged            |    26 |    84 ||   110
Block: Buckler           |    18 |    35 ||    53
